Map: Bridgehead LE (Void)

Players

CunningStunt

  • Race: Protoss Protoss
  • League: Gold

flo - Winner!

  • Race: Protoss Protoss
  • League: Gold

VOD

Have the link to the VOD?

Description

Time

  • Played on: Sept. 6, 2015, 3:40 a.m.
  • Length: 22:21
Show
View Real Time Build Order
Export as new Build Order

CunningStunt Protoss 

Build Orders: 1 Gate Expand 

Get SALT Encoding   

  12  0:00  Probe (Chrono Boost)  
  13  0:10  Probe (Chrono Boost)  
  14  0:18  Pylon  
  14  0:22  Probe (Chrono Boost)  
  15  0:36  Probe (Chrono Boost)  
  16  0:46  Probe (Chrono Boost)  
  16  0:49  Gateway  
  17  0:56  Probe (Chrono Boost)  
  18  1:06  Probe (Chrono Boost)  
  19  1:16  Probe (Chrono Boost)  
  20  1:21  Nexus  
  20  1:26  Probe (Chrono Boost)  
  20  1:30  Assimilator  
  21  1:37  Cybernetics Core  
  21  1:39  Probe (Chrono Boost)  
  22  1:49  Assimilator  
  22  1:52  Pylon  
  22  1:53  Probe (Chrono Boost)  
  23  2:09  Probe (Chrono Boost)  
  23  2:14  Adept  
  26  2:21  Probe (Chrono Boost)  
  27  2:31  Mothership Core (Chrono Boost)  
  29  2:41  Pylon, Warp Gate  
  29  2:43  Adept  
  31  2:44  Probe (Chrono Boost)  
  31  2:49  Probe (Chrono Boost)  
  33  2:54  Probe (Chrono Boost)  
  33  2:58  Pylon  
  34  2:59  Probe (Chrono Boost)  
  34  3:05  Probe (Chrono Boost)  
  36  3:07  Robotics Facility  
  36  3:11  Probe (Chrono Boost)  
  37  3:19  Adept  
  39  3:22  Probe x2 (Chrono Boost)  
  41  3:29  Gateway  
  41  3:32  Probe (Chrono Boost)  
  42  3:35  Probe (Chrono Boost)  
  43  3:42  Probe (Chrono Boost)  
  43  3:46  Gateway  
  44  3:49  Gateway  
  44  3:50  Probe (Chrono Boost), Pylon  
  44  3:52  Probe (Chrono Boost)  
  44  3:55  Observer  
  47  4:00  Probe (Chrono Boost)  
  47  4:02  Probe (Chrono Boost)  
  49  4:04  Twilight Council  
  49  4:10  Probe (Chrono Boost)  
  49  4:12  Probe (Chrono Boost)  
  51  4:18  Assimilator  
  51  4:21  Assimilator  
  51  4:23  Immortal  
  51  4:24  Probe x2 (Chrono Boost)  
  57  4:34  Probe (Chrono Boost)  
  57  4:35  Probe (Chrono Boost)  
  59  4:44  Probe (Chrono Boost)  
  59  4:45  Probe (Chrono Boost)  
  61  4:54  Probe (Chrono Boost)  
  61  4:56  Stalker x2  
  61  4:57  Stalker  
  67  5:02  Observer  
  66  5:12  Probe x2 (Chrono Boost)  
  66  5:22  Stalker, Probe (Chrono Boost)  
  66  5:23  Stalker  
  66  5:24  Shield Upgrade  
  69  5:34  Probe (Chrono Boost)  
  70  5:40  Pylon  
  70  5:42  Pylon  
  70  5:57  Probe (Chrono Boost)  
  70  5:58  Probe (Chrono Boost)  
  70  6:00  Pylon  
  70  6:04  Immortal, Pylon  
  76  6:07  Gateway  
  76  6:08  Probe x2 (Chrono Boost)  
  78  6:13  Templar Archives  
  78  6:20  Forge  
  78  6:21  Forge, Blink  
  78  6:24  Probe x2 (Chrono Boost)  
  80  6:34  Probe (Chrono Boost)  
  80  6:36  Nexus  
  80  6:37  Pylon  
  80  6:38  Probe (Chrono Boost)  
  82  6:44  Probe (Chrono Boost)  
  82  6:46  Pylon  
  83  6:48  Psionic Storm  
  82  7:07  Photon Cannon  
  82  7:10  Probe x2 (Chrono Boost), Photon Cannon x2  
  82  7:14  Immortal  
  88  7:16  High Templar x2  
  88  7:20  Probe x2 (Chrono Boost)  
  94  7:30  Probe x2 (Chrono Boost)  
  94  7:33  Protoss Ground Weapons Level 1 (Chrono Boost)  
  94  7:34  Protoss Ground Armor Level 1 (Chrono Boost)  
  96  7:41  Photon Cannon  
  96  7:43  Probe x2 (Chrono Boost)  
  98  7:44  Photon Cannon  
  98  7:47  Assimilator  
  98  7:48  Probe (Chrono Boost)  
  99  7:52  High Templar, Assimilator  
  99  7:53  Probe x2 (Chrono Boost)  
  99  7:56  Immortal  
  107  8:01  Probe (Chrono Boost)  
  108  8:11  Pylon  
  108  8:15  Pylon  
  108  8:17  Probe x3 (Chrono Boost)  
  108  8:19  Pylon  
  111  8:20  Gateway  
  111  8:23  Pylon  
  111  8:25  High Templar  
  113  8:27  Charge  
  113  8:29  Pylon  
  113  8:30  Probe x2 (Chrono Boost)  
  115  8:38  Nexus  
  115  8:40  Pylon  
  115  8:42  Observer, Pylon  
  116  8:50  Zealot x2  
  116  8:51  Zealot x2  
  124  9:02  Assimilator  
  124  9:04  Immortal  
  124  9:06  Assimilator  
  124  9:09  Pylon  
  128  9:13  Stalker x2, Pylon  
  132  9:28  Photon Cannon  
  132  9:31  Photon Cannon  
  132  9:32  Probe  
  132  9:33  Photon Cannon  
  132  9:34  High Templar x3  
  132  9:36  Protoss Ground Weapons Level 2 (Chrono Boost)  
  132  9:37  Protoss Ground Armor Level 2 (Chrono Boost)  
  139  9:47  Gateway  
  139  9:50  Pylon  
  139  9:52  Gateway  
  139  9:54  Gateway  
  139  10:00  Warp Prism  
  139  10:05  Adept x3  
  147  10:11  Probe x2  
  147  10:13  Probe x2  
  151  10:18  Pylon  
  151  10:20  Pylon  
  151  10:28  High Templar  
  151  10:29  High Templar x5  
  151  10:31  Nexus, Archon x3  
  151  10:33  Pylon  
  151  10:35  Pylon  
  163  10:45  Pylon  
  163  10:51  Pylon  
  163  10:53  High Templar x3  
  163  10:55  Archon  
  169  10:57  Pylon  
  169  11:01  Pylon  
  169  11:08  High Templar  
  169  11:10  Pylon, Archon  
  171  11:15  Pylon  
  171  11:17  Stalker x5  
  181  11:32  Protoss Shields Level 1 (Chrono Boost)  
  181  11:40  Dark Shrine  
  181  11:42  Pylon  
  181  11:47  Protoss Ground Weapons Level 3 (Chrono Boost), Gateway  
  181  11:50  Gateway  
  181  11:56  Gateway, Pylon  
  181  11:59  Pylon  
  181  12:01  Pylon  
  181  12:03  Probe  
  181  12:04  Pylon  
  182  12:10  Immortal (Chrono Boost)  
  182  12:12  Pylon  
  169  13:11  High Templar x4  
  169  13:12  High Templar x5  
  187  13:14  Archon x4  
  187  13:21  Assimilator  
  187  13:23  Protoss Ground Armor Level 3  
  187  13:27  Assimilator  
  124  13:48  Stalker x2  
  110  13:49  Stalker x7  
  119  13:57  Protoss Shields Level 2, Immortal (Chrono Boost)  
  123  14:06  Robotics Facility  
  123  14:08  Stargate  
  123  14:09  Gateway  
  123  14:10  Gateway x2  
  123  14:11  Gateway  
  123  14:14  Pylon x2, Stargate  
  123  14:24  High Templar x2  
  123  14:25  Zealot  
  123  14:26  Zealot x7  
  143  14:48  Gateway  
  143  14:49  Gateway  
  143  14:53  Gateway  
  143  14:56  Gateway  
  136  15:08  Adept  
  138  15:17  Gateway  
  138  15:18  Gateway  
  138  15:19  Gateway, Dark Templar x4  
  138  15:20  Dark Templar x6, Gateway  
  138  15:21  Gateway, Zealot x2  
  158  15:22  Zealot x3  
  168  15:29  Immortal (Chrono Boost)  
  176  15:38  Immortal (Chrono Boost)  
  176  15:46  Zealot x2, High Templar x3  
  170  16:08  Immortal (Chrono Boost)  
  162  16:14  Nexus  
  162  16:15  Immortal (Chrono Boost)  
  162  16:16  Pylon x2  
  164  16:19  Pylon x2, Protoss Shields Level 3  
  164  16:22  Pylon  
  130  16:46  Observer (Chrono Boost)  
  117  16:51  Photon Cannon  
  89  16:54  Observer (Chrono Boost)  
  89  16:58  Zealot  
  89  16:59  Zealot x7  
  89  17:00  Zealot x5  
  89  17:01  Zealot x3  
  122  17:05  Observer (Chrono Boost)  
  122  17:12  Observer (Chrono Boost)  
  123  17:16  High Templar x4  
  123  17:22  Immortal (Chrono Boost)  
  130  17:29  Immortal (Chrono Boost), High Templar  
  134  17:30  High Templar x3  
  134  17:31  Zealot x6  
  134  17:32  Zealot  
  154  17:45  Zealot  
  154  17:46  Zealot x4  
  154  17:51  Archon x4  
  158  18:07  Nexus  
  158  18:09  Pylon  
  158  18:11  Pylon  
  158  18:12  Stalker x3  
  152  18:16  Zealot x5  
  134  18:39  High Templar  
  134  18:40  High Templar x2  
  120  18:51  Archon  
  84  18:57  Dark Templar x2, Zealot  
  84  18:58  Zealot x7  
  66  19:18  Probe x2  
  66  19:20  Probe x3  
  71  19:28  Probe x2  
  73  19:32  Probe x3  
  73  19:38  Probe  
  76  19:41  Zealot  
  76  19:42  Zealot x2  
  83  19:52  Immortal (Chrono Boost)  
  75  20:31  Immortal x2 (Chrono Boost)  
  75  20:34  Zealot x2, High Templar  
  87  20:35  Probe  
  87  20:37  Probe  
  87  20:38  Probe  
  87  20:39  Assimilator  
  90  20:44  Assimilator  
  90  20:51  Dark Templar  
  90  20:53  Zealot x6  
  86  21:15  Dark Templar  
  86  21:17  Zealot x8  
  68  21:36  Void Ray (Chrono Boost)  
  72  21:41  Void Ray (Chrono Boost)  
  64  21:49  Observer  
Show
View Real Time Build Order
Export as new Build Order

flo Protoss - Winner!

Build Orders: Oracle Opening 

Get SALT Encoding   

  12  0:01  Probe (Chrono Boost)  
  13  0:11  Probe (Chrono Boost)  
  14  0:19  Pylon  
  14  0:22  Probe (Chrono Boost)  
  15  0:37  Probe (Chrono Boost)  
  16  0:45  Gateway  
  16  0:47  Probe (Chrono Boost)  
  17  0:55  Assimilator  
  17  0:57  Probe (Chrono Boost)  
  17  1:02  Gateway  
  18  1:07  Probe (Chrono Boost)  
  19  1:22  Probe (Chrono Boost), Assimilator  
  20  1:32  Probe (Chrono Boost)  
  20  1:34  Cybernetics Core  
  20  1:37  Pylon  
  21  1:42  Probe (Chrono Boost)  
  22  1:54  Probe (Chrono Boost)  
  23  2:04  Probe (Chrono Boost)  
  24  2:10  Adept (Chrono Boost)  
  24  2:13  Adept (Chrono Boost)  
  24  2:15  Mothership Core (Chrono Boost)  
  30  2:19  Pylon  
  30  2:21  Warp Gate (Chrono Boost)  
  30  2:34  Probe  
  31  2:46  Probe  
  32  2:56  Stargate  
  32  3:11  Probe, Nexus  
  33  3:14  Stalker  
  35  3:23  Probe (Chrono Boost)  
  34  3:34  Probe (Chrono Boost)  
  34  3:39  Pylon  
  34  3:40  Oracle (Chrono Boost)  
  35  3:45  Probe (Chrono Boost)  
  39  3:52  Pylon  
  39  3:57  Probe  
  39  4:02  Assimilator  
  40  4:06  Assimilator  
  40  4:08  Robotics Facility  
  41  4:10  Probe  
  41  4:18  Forge  
  41  4:23  Gateway  
  41  4:28  Probe (Chrono Boost)  
  41  4:29  Probe (Chrono Boost)  
  43  4:39  Probe (Chrono Boost)  
  44  5:06  Probe (Chrono Boost)  
  44  5:07  Probe (Chrono Boost)  
  46  5:09  Phoenix  
  46  5:11  Observer  
  49  5:16  Probe (Chrono Boost)  
  49  5:21  Probe (Chrono Boost)  
  51  5:27  Probe (Chrono Boost)  
  52  5:34  Probe (Chrono Boost)  
  48  5:37  Probe (Chrono Boost)  
  48  5:38  Immortal, Void Ray  
  57  5:45  Robotics Bay  
  57  5:48  Pylon  
  57  5:52  Photon Cannon  
  57  5:53  Probe x2 (Chrono Boost)  
  59  6:00  Sentry, Zealot  
  59  6:04  Zealot  
  65  6:05  Probe x2 (Chrono Boost)  
  67  6:13  Nexus  
  67  6:14  Pylon  
  67  6:25  Immortal (Chrono Boost)  
  67  6:26  Void Ray  
  67  6:28  Protoss Ground Weapons Level 1  
  75  6:42  Forge  
  75  6:44  Pylon  
  75  6:46  Extended Thermal Lance  
  75  6:51  Probe, Assimilator  
  75  6:53  Probe  
  77  6:57  Assimilator  
  77  7:04  Colossus (Chrono Boost)  
  77  7:06  Pylon  
  83  7:11  Probe  
  83  7:13  Probe  
  85  7:21  Probe, Photon Cannon  
  85  7:25  Probe  
  85  7:28  Probe  
  87  7:31  Probe, Void Ray  
  93  7:38  Twilight Council  
  93  7:42  Protoss Ground Armor Level 1 (Chrono Boost)  
  93  7:44  Probe  
  93  7:46  Probe  
  95  7:56  Colossus (Chrono Boost)  
  101  8:01  Probe  
  101  8:03  Probe  
  103  8:10  Photon Cannon  
  103  8:13  Pylon  
  103  8:16  Pylon  
  103  8:19  Pylon  
  103  8:22  Void Ray  
  107  8:29  Gateway  
  107  8:32  Gateway  
  107  8:33  Gateway  
  107  8:34  Colossus (Chrono Boost)  
  113  8:50  Probe x2  
  113  8:51  Protoss Ground Weapons Level 2 (Chrono Boost)  
  113  8:52  Probe  
  116  9:06  Void Ray  
  120  9:24  Colossus  
  120  9:29  Gateway  
  120  9:32  Gateway  
  120  9:34  Gateway  
  120  9:36  Gateway  
  126  9:38  Gateway  
  126  9:40  Templar Archives  
  126  9:44  Dark Shrine  
  126  9:49  Oracle  
  126  9:50  Nexus  
  129  9:54  Assimilator  
  129  10:00  Assimilator  
  129  10:02  Pylon  
  129  10:03  Protoss Ground Armor Level 2 (Chrono Boost)  
  129  10:10  Colossus  
  129  10:14  Pylon  
  135  10:35  Psionic Storm  
  135  10:36  Blink  
  135  10:41  Void Ray  
  139  10:49  Probe, Photon Cannon  
  139  10:51  Probe, Photon Cannon  
  139  10:55  Colossus  
  139  10:56  Photon Cannon  
  141  10:59  Photon Cannon  
  141  11:06  Pylon  
  141  11:08  High Templar x3  
  141  11:10  Pylon  
  153  11:15  Probe x3  
  153  11:16  Probe  
  157  11:20  Protoss Ground Weapons Level 3 (Chrono Boost)  
  157  11:40  Colossus, Void Ray  
  157  11:46  Nexus  
  161  11:49  Assimilator  
  161  11:51  Gateway, Assimilator  
  161  11:53  Pylon  
  167  11:54  Gateway  
  167  11:57  Gateway  
  167  12:00  Gateway  
  167  12:03  Pylon  
  167  12:09  Probe x2, Pylon  
  167  12:11  Probe  
  167  12:12  Probe  
  171  12:18  Photon Cannon  
  171  12:19  Photon Cannon  
  171  12:20  Probe x2  
  173  12:24  Pylon  
  173  12:29  Pylon  
  172  12:43  Dark Templar x5  
  172  12:44  Dark Templar x4  
  189  12:58  Archon x4  
  189  13:02  Colossus  
  172  13:08  Dark Templar x3  
  172  13:09  Dark Templar x2  
  180  13:34  Archon  
  180  13:35  Archon  
  142  13:46  Stalker x2  
  142  13:47  Stalker x8  
  142  13:48  Stalker  
  138  13:52  Colossus  
  106  14:13  Probe x3  
  106  14:14  Probe  
  106  14:15  Probe  
  111  14:23  Protoss Ground Armor Level 3 (Chrono Boost)  
  111  14:33  High Templar x2  
  111  14:35  Stalker x2  
  111  14:36  Stalker x5  
  129  14:39  Protoss Shields Level 1 (Chrono Boost)  
  129  14:48  Zealot x2  
  129  14:49  Zealot x2  
  135  15:02  Dark Templar x3  
  135  15:05  Zealot x2  
  143  15:24  Nexus  
  143  15:25  Probe x4  
  143  15:27  Probe, Assimilator  
  148  15:31  Assimilator  
  148  15:35  Probe x2, Pylon  
  148  15:39  Probe  
  151  15:43  Zealot x4  
  151  15:44  Zealot  
  156  15:51  Photon Cannon  
  143  15:58  Probe x2  
  143  15:59  Probe x2  
  143  16:00  Probe  
  143  16:07  Colossus  
  143  16:08  Probe  
  143  16:09  Probe x3  
  151  16:12  Probe  
  151  16:16  Photon Cannon  
  148  16:18  Probe  
  148  16:19  Probe x3, Photon Cannon  
  148  16:21  Dark Templar, Photon Cannon  
  148  16:23  Dark Templar x2  
  148  16:24  Dark Templar x4  
  164  16:34  Dark Templar x3  
  157  16:54  Probe x2  
  157  16:55  Probe x2  
  157  16:56  Probe  
  157  16:57  Gateway  
  157  17:00  Gateway  
  162  17:04  Probe x2  
  162  17:05  Probe  
  165  17:12  Nexus, Archon  
  165  17:13  Pylon, Archon x2  
  165  17:17  Archon x3  
  165  17:23  Stalker x7  
  178  17:38  Photon Cannon  
  178  17:41  Photon Cannon  
  178  17:42  Colossus, Photon Cannon  
  178  17:43  Pylon  
  184  17:44  Pylon  
  184  17:46  Pylon  
  183  18:11  Zealot  
  183  18:12  Zealot x5  
  193  18:13  Zealot  
  193  18:16  Assimilator  
  197  18:21  Assimilator  
  197  18:25  Zealot x2  
  189  18:33  Dark Templar x4  
  189  18:34  Dark Templar x2  
  184  18:52  Archon x2  
  108  19:20  Dark Templar x5  
  108  19:21  Dark Templar x3  
  124  19:29  Zealot  
  126  19:33  Archon x4  
  126  19:34  Archon  
  126  19:35  Nexus  
  126  19:37  Assimilator  
  126  19:38  Assimilator  
  126  19:42  Pylon  
  126  19:48  Protoss Shields Level 2 (Chrono Boost)  
  126  19:58  Zealot x8  
  126  19:59  Zealot  
  125  20:15  Photon Cannon  
  125  20:21  Observer  
  126  20:25  Zealot x5  
  126  20:26  Zealot x2  
  140  20:38  Probe x2  
  142  20:46  Photon Cannon  
  142  20:49  Photon Cannon  
  142  20:51  Photon Cannon  
  142  20:55  Photon Cannon  
  136  21:16  Zealot x3  
  136  21:17  Zealot  
  136  21:18  Probe x2  
  134  21:35  Nexus  
  118  21:55  Probe x2  
  118  21:57  Dark Templar x2  
  118  21:58  Dark Templar x4  
  118  21:59  Dark Templar x2  
  136  22:05  Pylon  
  136  22:08  Pylon  
  140  22:11  Assimilator  
  140  22:15  Assimilator  
  146  22:19  Zealot  
Tags
 
Add a new tag
Caveats
  • Supply blocks, unpowered buildings, or Contaminate may cause inaccurate times.
  • Supply counts are checked every 10 seconds.